 Dungeon Crawl Stone Soup version 0.21.1-1-g345015fe64 (webtiles) character file.

1361 RaHiT the Covert (level 8, 0/58 HPs)
             Began as a Vampire Assassin on Mar 2, 2018.
             Slain by an orc warrior
             ... wielding a +0 war axe
              (14 damage)
             ... on level 5 of the Dungeon.
             The game lasted 00:32:20 (5894 turns).

RaHiT the Covert (Vampire Assassin)                 Turns: 5894, Time: 00:32:20

Health: 0/58       AC:  9    Str: 10    XL:     8   Next: 37%
Magic:  10/10      EV: 14    Int: 17    God:
Gold:   183        SH:  0    Dex: 17    Spells: 7/7 levels left

rFire    x . .     SeeInvis +   b - +0 blowgun
rCold    + . .     Gourm    .   (no shield)
rNeg     + . .     Faith    .   c - +0 robe
rPois    .         Spirit   .   (no helmet)
rElec    .         Reflect  .   d - +0 cloak
rCorr    .         Harm     .   u - +2 pair of gloves
MR       .....                  w - +2 pair of boots {Fly}
Stlth    ++++......             t - amulet of magic regeneration
HPRegen  0.19/turn              n - ring of ice
MPRegen  0.37/turn              v - +3 ring of intelligence

@: flying
A: fangs 3, see invisible, unbreathing
a: Bat Form, Stop Flying


You were on level 5 of the Dungeon.
You were not thirsty.

You visited 1 branch of the dungeon, and saw 5 of its levels.
You also visited: Sewer and Ossuary.

You collected 183 gold pieces.

Inventory:

Hand Weapons
 a - a +2 short sword of speed
 b - a +0 blowgun (weapon)
 j - the +9 flail "RaHiT's Foe" {pain, rF++ Int+6 Dex+3, unknown}
   (You found it on level 4 of the Dungeon)

   In the hands of one skilled in necromantic magic, it inflicts extra damage on
   living creatures.
   It affects your intelligence (+6).
   It affects your dexterity (+3).
   It greatly protects you from fire.
 p - a +3 dagger
Missiles
 e - 3 poisoned needles (quivered)
 f - a curare-tipped needle
Armour
 c - a +0 robe (worn)
 d - a +0 cloak (worn)
 u - a +2 pair of gloves (worn)
 w - a +2 pair of boots of flying (worn)
Jewellery
 n - a ring of ice (left hand)
 t - an amulet of magic regeneration (around neck)
 v - a +3 ring of intelligence (right hand)
Wands
 i - a wand of iceblast (5)
Scrolls
 k - a scroll of amnesia
 l - 2 scrolls of magic mapping
 m - a scroll of enchant armour
 q - 2 scrolls of blinking {unknown}
 s - 5 scrolls of teleportation
 y - 2 scrolls of fog {unknown}
 A - a scroll of fear
Potions
 g - 10 potions of blood
 h - a potion of magic
 o - a potion of invisibility
 r - 4 potions of might
 x - 3 potions of heal wounds
 z - 2 potions of curing
 B - 2 potions of haste
 C - a potion of brilliance {unknown}


   Skills:
 * Level 3.2 Fighting
 + Level 5.3 Short Blades
 * Level 3.1 Throwing
 * Level 3.2 Armour
 - Level 4.0 Dodging
 + Level 9.0 Stealth
 * Level 3.2 Evocations


You had 7 spell levels left.
You didn't know any spells.

Dungeon Overview and Level Annotations

Branches:
Dungeon (5/15)
 Temple: D:4-7

Altars:
Dithmenos
Elyvilon
Fedhas
Kikubaaqudgha
Okawaru
Sif Muna
Wu Jian


Innate Abilities, Weirdness & Mutations

You have razor-sharp teeth.
You have supernaturally acute eyesight. (SInv)
You can survive without breathing.


Message History

Aim: an orc warrior, wielding a war axe and wearing a chain mail (severely wounded, poisoned)
You shoot a poisoned needle.
The poisoned needle closely misses the orc warrior.
The orc warrior misses you.
Firing (i - inventory. (,) - cycle):
e - 5 poisoned needles (quivered)
Press: ? - help, Shift-Dir - straight line, f/p - orc warrior
Aim: an orc warrior, wielding a war axe and wearing a chain mail (severely wounded, poisoned)
You shoot a poisoned needle.
The poisoned needle closely misses the orc warrior.
The orc warrior hits you with a war axe!!
* * * LOW HITPOINT WARNING * * *
Firing (i - inventory. (,) - cycle):
e - 4 poisoned needles (quivered)
Press: ? - help, Shift-Dir - straight line, f/p - orc warrior
Aim: an orc warrior, wielding a war axe and wearing a chain mail (almost dead, poisoned)
You shoot a poisoned needle.
The poisoned needle hits the orc warrior.
The orc warrior looks even sicker.
The orc warrior is almost dead.
The orc warrior hits you with a war axe!
You die...

*,**** #.....Z...
*,,..##* #...####+#
#,##...## #>.#8[.#,,
#.......# #..#....#,
#..#....# #..#...#..
#....#..* #..##.#[#.
#..#...#* #..+.#.#$#
#....#.## #..#....#.
#..#@..<# #..#...#).
*#..o#..####..#8...#.
#.#.....(##...###'##
#...#..#......(...(.
#.#....###....#.####
#...#.## ##.....#
#.#...# #..####
#...### #..# #####
#..#####


You could see an orc warrior.

Vanquished Creatures
  Purgy (Sewer)
  A phantom (D:4)
  An ogre (D:4)
  7 scorpions (Ossuary)
  2 howler monkeys (D:4)
  2 centaur zombies (Ossuary)
  A human zombie (Ossuary)
  A hound (D:4)
  An orc priest (D:3)
  Ijyb (D:3)
  3 orc wizards
  A centaur skeleton (D:4)
  2 worker ants
  A big kobold zombie (Ossuary)
  3 mummies (Ossuary)
  3 gnolls
  7 adders
  6 scorpion zombies (Ossuary)
  An ooze (D:5)
  4 dart slugs
  5 leopard geckos
  6 orcs
  4 giant cockroaches
  4 hobgoblins
  4 jackals (D:1)
  6 kobolds
  A quokka (D:2)
  4 ball pythons
  13 bats
  17 frilled lizards
  2 gnoll zombies (Ossuary)
  12 goblins
  A goblin zombie (Ossuary)
  A hobgoblin zombie (Ossuary)
  2 kobold zombies (Ossuary)
  2 orc zombies (Ossuary)
  8 rats
141 creatures vanquished.

Notes
Turn   | Place    | Note
-------+----------+-------------------------------------------
     0 | D:1      | RaHiT the Vampire Assassin began the quest for the Orb.
     0 | D:1      | Reached XP level 1. HP: 16/16 MP: 1/1
    75 | D:1      | Reached XP level 2. HP: 16/22 MP: 2/2
   181 | D:1      | Reached skill level 6 in Stealth
   378 | D:1      | Reached XP level 3. HP: 27/27 MP: 3/3
  1217 | D:2      | Reached skill level 1 in Armour
  1606 | D:2      | Found an iron altar of Okawaru.
  1606 | D:2      | Found an ornate altar of the Wu Jian Council.
  1695 | D:2      | Reached XP level 4. HP: 22/33 MP: 4/4
  2117 | D:3      | Found a deep blue altar of Sif Muna.
  2118 | D:3      | Found a blossoming altar of Fedhas.
  2118 | D:3      | Found a shadowy altar of Dithmenos.
  2119 | D:3      | Found an ancient bone altar of Kikubaaqudgha.
  2127 | D:3      | Noticed Ijyb
  2581 | D:3      | Found a white marble altar of Elyvilon.
  2666 | D:3      | Paralysed by Ijyb for 3 turns
  2716 | D:3      | Killed Ijyb
  2716 | D:3      | Reached XP level 5. HP: 13/39 MP: 5/5
  3518 | D:4      | Got a warped flail
  3539 | D:4      | Noticed an ogre
  3649 | D:3      | Reached XP level 6. HP: 27/47 MP: 6/6
  3824 | D:4      | Reached skill level 7 in Stealth
  3914 | D:4      | Reached skill level 1 in Evocations
  4367 | D:4      | Reached XP level 7. HP: 47/52 MP: 8/8
  4484 | D:5      | Entered Level 5 of the Dungeon
  4521 | D:5      | Found a sand-covered staircase.
  4528 | Ossuary  | Entered an ossuary
  4885 | Ossuary  | Reached skill level 8 in Stealth
  4970 | Ossuary  | Reached XP level 8. HP: 30/58 MP: 10/10
  4988 | Ossuary  | Reached skill level 5 in Short Blades
  5235 | D:5      | Found a glowing drain.
  5240 | Sewer    | Entered a sewer
  5273 | Sewer    | Noticed Purgy
  5411 | Sewer    | Killed Purgy
  5667 | D:4      | Reached skill level 9 in Stealth
  5894 | D:5      | Slain by an orc warrior

Skill      XL: |  1  2  3  4  5  6  7  8 |
---------------+-------------------------+-----
Fighting       | 2 3 |  3.2
Stealth        | 6 7 8 9 |  9.0
Throwing       | 2 3 |  3.1
Dodging        | 2 3 4 |  4.0
Armour         | 1 2 3 |  3.2
Short Blades   | 3 4 5 |  5.3
Evocations     | 2 3 |  3.2

Action                   |  1- 3 |  4- 6 |  7- 9 || total
-------------------------+-------+-------+-------++-------
Melee: Dagger            |    38 |       |       ||    38
       Bite              |    17 |    18 |    24 ||    59
       Short sword       |   168 |   269 |   210 ||   647
       Unarmed           |       |       |    16 ||    16
 Fire: Blowgun           |       |    50 |    10 ||    60
 Abil: End Transformatio |       |     2 |     4 ||     6
       Bat Form          |       |     2 |     4 ||     6
  Use: Potion            |     4 |    15 |     7 ||    26
       Scroll            |       |     5 |     4 ||     9
 Stab: Sleeping          |    16 |     6 |    20 ||    42
       Distracted        |       |       |     1 ||     1
Armor: Robe              |    64 |    64 |    31 ||   159
Dodge: Dodged            |   118 |   136 |    86 ||   340
